 Dungeon Crawl Stone Soup version 0.24.0-123-gd5b16e6ec5 (webtiles) character file.

Game seed: 8460672964259280869, levelgen mode: deterministic

589 mortelune the Firebug (level 7, -11/36 HPs)
             Began as a Deep Elf Fire Elementalist on Feb 1, 2020.
             Killed by divine providence
             ... invoked by an orc priest
              (16 damage)
             ... on level 3 of the Dungeon.
             The game lasted 00:07:59 (3994 turns).

mortelune the Firebug (Deep Elf Fire Elementalist)  Turns: 3994, Time: 00:07:59

Health: -11/36     AC:  2    Str:  5    XL:     7   Next: 15%
Magic:  8/16       EV: 15    Int: 22    God:
Gold:   184        SH:  0    Dex: 19    Spells: 0/15 levels left

rFire    . . .     SeeInvis .   g - +0 whip
rCold    . . .     Gourm    .   (no shield)
rNeg     . . .     Faith    .   a - +0 robe
rPois    .         Spirit   .   (no helmet)
rElec    .         Reflect  .   (no cloak)
rCorr    .         Harm     .   (no gloves)
MR       .....                  (no boots)
Stlth    ++........             (no amulet)
HPRegen  0.12/turn              m - +4 ring of dexterity
MPRegen  0.15/turn              (no ring)

@: no status effects
A: no striking features
a: no special abilities


You were on level 3 of the Dungeon.
You were not hungry.

You visited 1 branch of the dungeon, and saw 4 of its levels.

You collected 184 gold pieces.

Inventory:

Hand Weapons
 g - a +0 whip (weapon)
Armour
 a - a +0 robe (worn)
Jewellery
 m - a +4 ring of dexterity (left hand)
 w - a +3 ring of dexterity
Wands
 u - a wand of polymorph (9)
Scrolls
 d - a scroll of amnesia {unknown}
 e - a scroll of enchant weapon {unknown}
 f - 4 scrolls of identify {unknown}
 l - a scroll of noise {unknown}
 p - 2 scrolls of fear {unknown}
 r - a scroll of random uselessness {unknown}
 s - a scroll of teleportation {unknown}
 t - 2 scrolls of enchant armour {unknown}
Potions
 b - a potion of flight {unknown}
 h - 2 potions of magic {unknown}
 i - 2 potions of degeneration {unknown}
 j - a potion of might {unknown}
 k - a potion of ambrosia {unknown}
 n - 3 potions of curing {unknown}
 q - a potion of resistance {unknown}
 v - a potion of haste
Comestibles
 c - 5 rations
 o - 5 chunks of flesh


   Skills:
 + Level 4.3 Dodging
 - Level 2.4 Stealth
 + Level 4.9 Spellcasting
 * Level 4.9 Conjurations
 * Level 5.9 Fire Magic


You couldn't memorise any spells.
You knew the following spells:

 Your Spells              Type           Power        Failure   Level  Hunger
a - Flame Tongue          Conj/Fire      ####.        1%          1    None
b - Throw Flame           Conj/Fire      ####..       1%          2    None
c - Conjure Flame         Conj/Fire      ####....     3%          3    ##.....
d - Sticky Flame          Conj/Fire      ####....     11%         4    ####...
e - Fireball              Conj/Fire      ####......   30%         5    #####..

Your spell library contained the following spells:

 Spells                   Type           Power        Failure   Level  Hunger
 Inner Flame              Hex/Fire       ###.....     9%          3    ##.....


Dungeon Overview and Level Annotations

Branches:
Dungeon (4/15)
 Temple: D:4-7

Altars:
Ashenzari


Message History

The orc priest completely misses you.
Casting: Flame Tongue (safe; 1% risk of failure)
Confirm with . or Enter, or press ? or * to list all spells.
Aiming: Flame Tongue (safe; 1% risk of failure)
Press: ? - help, Shift-Dir - straight line, f/p - orc priest
Aim: an orc priest, wearing a +0 ring mail (severely wounded)
The flame tongue hits the orc priest!
You kill the orc priest!
The orc priest casts a cantrip, but nothing happens.
The orc priest invokes the aid of Beogh against you.
Pain shoots through your body!
Things that are here:
a +0 flail; 5 boomerangs You see here 28 stones.
The orc priest calls down the wrath of Beogh upon you.
Beogh smites you!
* * * LOW HITPOINT WARNING * * *
The orc priest mumbles some strange prayers to Beogh against you.
Beogh smites you!
You die...

##...## ##.....## ##.......##
#####.....<...# ##############
...>..........######.............
#####.........##..))............#
# ##......<###.###.##########.# #
##......###.# #.# #.# #
##........@###.###### #.# #
##.#..........()o..# ##.# #
#.#.########.####.# #... ##
#............# #.# #..# .#
###)########## #.# #..# .# #.#
#.# #... (# ### #.# #o# #.## .#
##.###.# #[# #.# .# ##.#.##.#
##.####.##


You could see an orc priest.

Vanquished Creatures
  Grinder (D:2)
  A bullfrog (D:3)
  A scorpion (D:3)
  An orc priest (D:3)
  2 orc wizards (D:2)
  Terence (D:2)
  A worker ant (D:4)
  3 adders
  4 gnolls (D:3)
  An ooze (D:3)
  3 worms (D:2)
  3 dart slugs
  A leopard gecko (D:3)
  5 orcs
  2 giant cockroaches
  9 goblins
  8 hobgoblins
  6 jackals
  2 quokkas (D:2)
  7 bats
  2 frilled lizards
  5 kobolds
  10 rats
79 creatures vanquished.

Notes
Turn   | Place    | Note
-------+----------+-------------------------------------------
     0 | D:1      | mortelune the Deep Elf Fire Elementalist began the quest
                  | for the Orb.
     0 | D:1      | Reached XP level 1. HP: 10/10 MP: 6/6
   502 | D:1      | Reached XP level 2. HP: 15/15 MP: 6/8
   507 | D:1      | Learned a level 2 spell: Throw Flame
  1032 | D:2      | Noticed Terence
  1039 | D:1      | Reached XP level 3. HP: 11/19 MP: 3/9
  1215 | D:1      | Learned a level 3 spell: Conjure Flame
  1812 | D:2      | Reached skill level 4 in Fire Magic
  1812 | D:2      | Reached XP level 4. HP: 24/24 MP: 8/11
  1907 | D:1      | Learned a level 4 spell: Sticky Flame
  2490 | D:2      | Killed Terence
  2490 | D:2      | Reached XP level 5. HP: 28/28 MP: 0/12
  3160 | D:3      | Noticed Grinder
  3173 | D:2      | Killed Grinder
  3173 | D:2      | Reached skill level 5 in Fire Magic
  3173 | D:2      | Reached XP level 6. HP: 21/32 MP: 2/14
  3320 | D:3      | You fall into a shaft and drop 1 floor!
  3358 | D:3      | Reached XP level 7. HP: 29/36 MP: 3/16
  3539 | D:3      | Found a shattered altar of Ashenzari.
  3730 | D:3      | Learned a level 5 spell: Fireball
  3994 | D:3      | Killed from afar by an orc priest

Levels and vault maps discovered:
D:1:      dpeg_arrival_rhombus, layout_basic
D:2:      layout_rooms, uniq_terence
D:3:      layout_loops_ring, dk_noncrumbling_4, lemuel_statue_altar,
          uniq_grinder
D:4:      layout_basic, marbit_many_paths, kennysheep_mini, serial_bayou,
          serial_bayou_shore_a, serial_bayou_lake_a, serial_bayou_pond_d,
          serial_bayou_lagoon_a, minmay_misc_feat_doors, uniq_menkaure,
          uniq_natasha, uniq_robin

Skill      XL: |  1  2  3  4  5 |
---------------+----------------+-----
Conjurations   | 2 3 4 |  4.9
Dodging        | 3 4 |  4.3
Fire Magic     | 4 5 |  5.9
Spellcasting   | 4 |  4.9
Stealth        | |  2.4

Action                   |  1- 3 |  4- 6 |  7- 9 || total
-------------------------+-------+-------+-------++-------
Melee: Unarmed           |     1 |       |       ||     1
       Whip              |     2 |     7 |       ||     9
 Cast: Flame Tongue      |    37 |    55 |    13 ||   105
       Throw Flame       |    24 |    25 |    24 ||    73
       Conjure Flame     |       |     2 |       ||     2
       Sticky Flame      |       |     3 |       ||     3
  Use: Potion            |       |     2 |       ||     2
  Eat: Chunk             |     3 |     6 |     2 ||    11
Armor: Robe              |     4 |     3 |       ||     7
Dodge: Dodged            |    10 |    18 |     6 ||    34
